Replay - PvP Standard

Build Order

Get SALT Encoding   

  12  0:01  Probe (Chrono Boost)  
  13  0:12  Probe (Chrono Boost)  
  14  0:18  Pylon  
  14  0:22  Probe (Chrono Boost)  
  15  0:37  Probe (Chrono Boost)  
  15  0:40  Gateway  
  16  0:44  Assimilator  
  16  0:47  Probe (Chrono Boost)  
  17  0:58  Probe (Chrono Boost)  
  18  1:08  Probe (Chrono Boost)  
  19  1:20  Nexus  
  19  1:22  Probe (Chrono Boost)  
  20  1:31  Cybernetics Core  
  20  1:34  Probe (Chrono Boost)  
  21  1:40  Assimilator  
  21  1:45  Probe (Chrono Boost)  
  22  1:49  Pylon  
  22  1:55  Probe (Chrono Boost)  
  24  2:10  Mothership Core (Chrono Boost)  
  24  2:12  Adept  
  27  2:22  Warp Gate  
  27  2:28  Probe (Chrono Boost)  
  28  2:33  Probe (Chrono Boost)  
  29  2:38  Twilight Council  
  29  2:39  Probe (Chrono Boost)  
  29  2:43  Probe (Chrono Boost)  
  31  2:44  Stalker  
  31  2:49  Probe (Chrono Boost)  
  34  2:54  Probe (Chrono Boost)  
  35  3:00  Probe (Chrono Boost)  
  35  3:04  Probe (Chrono Boost)  
  37  3:10  Probe (Chrono Boost)  
  36  3:15  Probe (Chrono Boost)  
  36  3:21  Probe (Chrono Boost)  
  36  3:26  Probe (Chrono Boost)  
  37  3:30  Stalker  
  37  3:32  Probe (Chrono Boost)  
  40  3:37  Probe (Chrono Boost)  
  40  3:41  Blink (Chrono Boost)  
  39  3:42  Probe (Chrono Boost)  
  40  3:49  Probe (Chrono Boost)  
  40  3:51  Pylon  
  40  3:55  Nexus, Probe (Chrono Boost)  
  43  4:03  Pylon, Probe (Chrono Boost)  
  43  4:05  Probe (Chrono Boost)  
  46  4:15  Robotics Facility  
  46  4:21  Gateway  
  44  4:25  Stalker  
  44  4:28  Gateway  
  44  4:29  Gateway  
  46  4:32  Gateway  
  46  4:34  Probe  
  46  4:36  Probe  
  48  4:41  Assimilator x2  
  48  4:45  Probe  
  48  4:51  Stalker  
  48  4:52  Pylon, Probe  
  52  4:56  Probe  
  53  5:05  Probe  
  54  5:09  Probe, Observer (Chrono Boost)  
  54  5:12  Probe  
  57  5:17  Probe  
  57  5:19  Forge, Probe  
  58  5:23  Probe  
  60  5:29  Warp Prism (Chrono Boost), Probe  
  60  5:30  Probe  
  60  5:33  Probe  
  65  5:37  Stalker x3  
  65  5:41  Probe x2  
  73  5:44  Probe  
  72  5:51  Probe  
  72  5:53  Probe  
  72  5:54  Probe  
  75  5:57  Stalker  
  75  6:02  Probe  
  76  6:05  Probe, Protoss Ground Weapons Level 1  
  77  6:16  Pylon  
  77  6:20  Charge  
  77  6:22  Assimilator  
  77  6:25  Pylon  
  77  6:26  Assimilator  
  77  6:27  Dark Shrine  
  77  6:35  Probe (Chrono Boost)  
  77  6:36  Probe x2 (Chrono Boost)  
  84  6:42  Pylon  
  84  6:43  Observer (Chrono Boost)  
  84  6:44  Pylon  
  84  6:45  Probe  
  82  6:48  Probe x2  
  84  6:56  Probe  
  84  6:57  Sentry  
  84  6:58  Adept x2  
  84  6:59  Adept  
  84  7:00  Probe x2  
  84  7:01  Adept  
  97  7:06  Probe, Immortal (Chrono Boost)  
  102  7:09  Pylon x2  
  102  7:13  Probe x2  
  103  7:27  Stalker x5  
  110  7:46  Probe  
  110  7:48  Probe, Immortal (Chrono Boost)  
  116  7:52  Gateway  
  116  7:53  Gateway  
  116  7:54  Gateway  
  116  7:55  Gateway  
  116  7:58  Templar Archives  
  116  8:03  Protoss Ground Weapons Level 2  
  116  8:05  Dark Templar x4  
  124  8:07  Photon Cannon  
  124  8:08  Photon Cannon  
  124  8:10  Photon Cannon  
  118  8:22  Immortal (Chrono Boost)  
  118  8:27  Photon Cannon  
  118  8:35  Stalker  
  120  8:41  Nexus  
  120  8:44  Pylon  
  120  8:55  High Templar x2  
  124  8:59  Photon Cannon  
  124  9:01  Pylon  
  124  9:02  Pylon  
  126  9:03  Immortal (Chrono Boost)  
  122  9:28  Stalker x8  
  122  9:29  Stalker  
  122  9:31  Archon  
  138  9:37  Immortal (Chrono Boost)  
  142  9:48  Photon Cannon  
  142  9:52  Robotics Facility  
  140  9:53  Robotics Bay  
Spawning Tool Build Advisor. Get it on Overwolf

Go to:

Details

  • Created by: PeterLiu
  • Published on: Mar 05, 2016
  • Modified on: Mar 05, 2016
  • Patch: Pre-3.8.0
Show
View Real Time Build Order
Export as new Build Order

Comments (0)

There are no comments. Be the first!

Create an account to comment!